 Dungeon Crawl Stone Soup version 0.25-a0-294-gea9b1ad378 (webtiles) character file.

Game seed: 724502468590213591, levelgen mode: deterministic

413 Gargoyl the Skirmisher (level 6, -2/52 HPs)
             Began as a Centaur Abyssal Knight on Dec 19, 2019.
             Was a Priest of Lugonu.
             Slain by an orc warrior
             ... wielding a +0 scimitar
              (22 damage)
             ... on level 3 of the Dungeon.
             The game lasted 00:04:37 (3031 turns).

Gargoyl the Skirmisher (Centaur Abyssal Knight)     Turns: 3031, Time: 00:04:37

Health: -2/52      AC:  9    Str: 13 (14) XL:     6   Next: 59%
Magic:  8/8        EV:  4    Int: 11      God:    Lugonu [***...]
Gold:   155        SH:  0    Dex:  9 (11) Spells: 5/5 levels left

rFire    . . .     SeeInvis .   a - +1 hand axe
rCold    . . .     Gourm    .   (no shield)
rNeg     . . .     Faith    .   e - +0 chain mail
rPois    .         Spirit   .   d - +0 helmet
rElec    .         Reflect  .   (no cloak)
rCorr    .         Harm     .   (no gloves)
MR       .....                  (no barding)
Stlth    ..........             (no amulet)
HPRegen  0.17/turn              (no ring)
MPRegen  0.11/turn              (no ring)

@: very quick
A: large, hooves 3, deformed body, speed 2, tough skin 3
a: Depart the Abyss, Bend Space, Banish, Renounce Religion


You were on level 3 of the Dungeon.
You worshipped Lugonu.
Lugonu was most pleased with you.
You were hungry.

You visited 1 branch of the dungeon, and saw 5 of its levels.
You visited the Abyss 1 time.

You collected 155 gold pieces.

Inventory:

Hand Weapons
 a - a +1 hand axe (weapon)
Missiles
 k - 2 boomerangs (quivered)
Armour
 d - a +0 helmet (worn)
 e - a +0 chain mail (worn)
Jewellery
 f - an uncursed ring of fire
Potions
 i - a potion of resistance
Comestibles
 c - 6 rations


   Skills:
 + Level 4.1 Fighting
 + Level 3.3 Axes
 * Level 3.2 Armour
 * Level 1.7 Dodging
 * Level 3.4 Invocations


You had 5 spell levels left.
You didn't know any spells.
Your spell library was empty.

Dungeon Overview and Level Annotations

Branches:
Dungeon (5/15)
 Temple: D:4-7

Altars:
Elyvilon
Sif Muna


Innate Abilities, Weirdness & Mutations

You have hooves in place of feet.
Armour fits poorly on your strangely shaped body.
You cover ground very quickly.
You have extremely tough skin. (AC +3)


Message History

You see here a +0 falchion.
The orc warrior completely misses you.
You see here a +0 falchion.
You barely miss the orc warrior. Your kick misses the orc warrior.
The orc warrior hits you with a +0 scimitar!
You hit the orc warrior but do no damage.
The orc warrior hits you but does no damage.
You hit the orc warrior.
The orc warrior is lightly wounded.
You closely miss the orc warrior.
The orc warrior is lightly wounded.
The orc warrior hits you with a +0 scimitar.
You hit the orc warrior but do no damage.
You kick the orc warrior, but do no damage.
The orc warrior is lightly wounded.
The orc warrior hits you with a +0 scimitar!
You hit the orc warrior but do no damage.
The orc warrior is lightly wounded.
The orc warrior hits you with a +0 scimitar!!
You die...

#.# #.#.# #.
###.######.#.# #.
#.#####..........#.#
#.
...................#
#.
..#####.#..........#
#. #.##########.# #.
#.# #.# #. #.#
#.####. #@# #......
#o# #######
#.ooo...#
.....#......... .###
...##.#### !.#.. ...
#..### ### #.. #..


You could see an orc warrior and 2 orcs.

Vanquished Creatures
  An ogre (D:3)
  A hound (D:5)
  An orc priest (D:5)
  2 orc wizards
  Natasha (thrice) (D:2)
  Terence (D:1)
  3 adders
  4 worms
  A dart slug (D:2)
  A leopard gecko (D:2)
  4 orcs
  6 giant cockroaches
  6 hobgoblins
  3 jackals (D:4)
  2 quokkas
  A ball python (D:2)
  8 bats
  8 frilled lizards
  12 goblins
  8 kobolds
  A quokka skeleton (D:4)
  8 rats
85 creatures vanquished.

Notes
Turn   | Place    | Note
-------+----------+-------------------------------------------
     0 | Abyss:1  | Gargoyl the Centaur Abyssal Knight began the quest for the
                  | Orb.
     0 | Abyss:1  | Reached XP level 1. HP: 19/19 MP: 2/2
    52 | Abyss:1  | Noticed a starcursed mass
   131 | Abyss:1  | Noticed a smoke demon
   133 | D:1      | Escaped the Abyss
   206 | D:1      | Reached * piety under Lugonu
   275 | D:1      | Reached XP level 2. HP: 26/26 MP: 3/3
   709 | D:1      | Reached skill level 1 in Dodging
   709 | D:1      | Reached XP level 3. HP: 31/31 MP: 4/4
   858 | D:2      | Noticed Terence
   883 | D:1      | Killed Terence
   908 | D:2      | Reached ** piety under Lugonu
   998 | D:2      | Noticed Natasha
  1005 | D:2      | Killed Natasha
  1005 | D:2      | Reached XP level 4. HP: 33/40 MP: 5/5
  1604 | D:2      | Noticed Natasha
  1633 | D:2      | Killed Natasha
  1633 | D:2      | Reached XP level 5. HP: 35/46 MP: 7/7
  1781 | D:2      | Noticed Natasha
  1788 | D:2      | Killed Natasha
  1935 | D:2      | Found a shimmering blue altar of Sif Muna.
  2173 | D:3      | Found a white marble altar of Elyvilon.
  2303 | D:3      | Noticed an ogre
  2308 | D:3      | Noticed an orc warrior
  2312 | D:3      | Killed an ogre
  2312 | D:3      | Reached skill level 4 in Fighting
  2312 | D:3      | Reached XP level 6. HP: 16/52 MP: 8/8
  2334 | D:5      | Entered Level 5 of the Dungeon
  2769 | D:4      | Reached *** piety under Lugonu
  3031 | D:3      | Slain by an orc warrior

Levels and vault maps discovered:
D:1:      wander_arrival_lonely_grave, layout_loops_ring, grunt_decor_cap,
          grunt_decor_arrowhead, minmay_lizard_pond
D:2:      layout_basic, led_sif_pool, first_ration, uniq_natasha, uniq_terence
D:3:      layout_loops_ring, lemuel_crystal_altar, uniq_robin, uniq_grinder
D:4:      layout_loops_cross, temple_green, kennysheep_generic_room_14
D:5:      layout_loops_ring, portal_sewer_entry_f, uniq_blork_the_orc

Skill      XL: |  1  2  3  4  5  6 |
---------------+-------------------+-----
Axes           | 2 3 |  3.3
Dodging        | 1 |  1.7
Armour         | 2 3 |  3.2
Invocations    | 3 |  3.4
Fighting       | 4 |  4.1

Action                   |  1- 3 |  4- 6 || total
-------------------------+-------+-------++-------
Melee: Hand axe          |   110 |   176 ||   286
       Kick              |    16 |    28 ||    44
Invok: Depart the Abyss  |     1 |       ||     1
  Use: Potion            |       |     6 ||     6
       Scroll            |       |     4 ||     4
  Eat: Chunk             |       |     5 ||     5
Armor: Chain mail        |    93 |   168 ||   261
Dodge: Dodged            |    40 |    45 ||    85

Table legend:
 A = Non-vault XP
 B = Vault XP
 C = Vault XP percentage of total XP
 D = Non-vault monster count
 E = Vault monster count
 F = Vault count percentage of total count
                 A         B        C        D         E       F
            +---------+---------+-------+---------+---------+-------
      Total |     519 |      71 |  12.0 |      79 |       6 |   7.1
            +---------+---------+-------+---------+---------+-------
        D:1 |      40 |      36 |  47.4 |      24 |       5 |  17.2
        D:2 |     151 |      35 |  18.8 |      30 |       1 |   3.2
        D:3 |     139 |       0 |   0.0 |      14 |       0 |   0.0
        D:4 |      53 |       0 |   0.0 |       7 |       0 |   0.0
        D:5 |     136 |       0 |   0.0 |       4 |       0 |   0.0
            +---------+---------+-------+---------+---------+-------
